 Dungeon Crawl Stone Soup version 0.31.0-32-g396128a36d (webtiles) character file.

Game seed: 766826647007176627

4354 ZingZang1235 the Grappler (level 10, -1/81 HPs)
             Began as a Ghoul Monk on Apr 12, 2024.
             Was a High Priest of Hepliaklqana.
             Slain by a killer bee (3 damage)
             ... on level 9 of the Dungeon.
             The game lasted 00:15:31 (8105 turns).

ZingZang1235 the Grappler (Ghoul Monk)              Turns: 8105, Time: 00:15:32

Health: -1/81      AC: 11    Str: 24    XL:     10   Next: 34%
Magic:  25/25      EV: 10    Int: 11    God:    Hepliaklqana [*****.]
Gold:   385        SH:  0    Dex: 11    Spells: 9/9 levels left

rFire   . .          .
                       - Unarmed
rCold   + . .        c - orb {light}
rNeg    + + +        h - +0 chain mail
rPois   ∞            e - +0 helmet
rElec   .            A - +0 cloak
rCorr   .            k - +0 pair of gloves
SInv    .            (no boots)
Will    .....        s
                       - Hermit's Pendant {Faith Invo=14 Evo=0 MP+5} Stlth
                     p - +6 ring of strength
HPRegen 0.00/turn    (no ring)
MPRegen 0.19/turn

%: faith
@: inhibited regen, glowing
A: reduced essence, claws 1, cold resistance 1, negative energy resistance 3,
inhibited regeneration, torment resistance 2, devour on kill
a: Renounce Religion, Recall Ancestor, Ancestor Identity, Transference, Idealise


You were on level 9 of the Dungeon.
You worshipped Hepliaklqana.
Hepliaklqana was extremely pleased with you.
You visited 2 branches of the dungeon, and saw 10 of its levels.

You collected 497 gold pieces.
You spent 112 gold pieces at shops.

Inventory:

Missiles
 i - 2 throwing nets
Armour
 a - a +0 robe
 b - a +1 hat
 c - an orb of light (worn)
 e - a +0 helmet (worn)
 f - a +0 leather armour
 h - a +0 chain mail (worn)
 k - a +0 pair of gloves (worn)
 A - a +0 cloak (worn)
Jewellery
 g - an amulet of faith
 p - a +6 ring of strength (left hand)
 s - the Hermit's Pendant (around neck) {Faith Invo=14 Evo=0 MP+5}
   (You found it on level 3 of the Dungeon)

   [amulet of faith]

   Invo=14: It sets your Invocations skill to 14.
   Evo=0: It sets your Evocations skill to 0.
   Faith:     It allows you to gain divine favour quickly.
   MP+5:      It affects your magic capacity (+5).
 D - a +6 ring of intelligence
Wands
 t - a wand of flame (19)
 v - a wand of charming (20)
 y - a wand of digging (3)
Scrolls
 m - a scroll of fog
 n - a scroll of amnesia
 q - 2 scrolls of enchant weapon
 r - 2 scrolls of blinking
 B - 2 scrolls of identify
 C - a scroll of poison
Potions
 j - a potion of might {unknown}
 l - a potion of enlightenment
 o - a potion of degeneration
 u - a potion of haste {unknown}
 z - 2 potions of heal wounds {unknown}


   Skills:
 + Level 8.8 Fighting
 + Level 7.2 Dodging
 * Level 11.9 Unarmed Combat


You had 9 spell levels left.
You didn't know any spells.
Your spell library contained the following spells:

 Spells                   Type           Power      Damage    Failure   Level
 Kiss of Death            Conj/Necr      0%         2d5       93%         1
 Slow                     Hex            0%         N/A       93%         1
 Confusing Touch          Hex            0%         N/A       100%        3
 Sigil of Binding         Hex            0%         N/A       100%        3
 Tukima's Dance           Hex            0%         N/A       100%        3
 Vampiric Draining        Necr           0%         2d6       100%        3
 Dimensional Bullseye     Hex/Tloc       0%         N/A       100%        4
 Dispel Undead            Necr           0%         3d6       100%        4
 Ignite Poison            Fire/Alch      0%         N/A       100%        4
 Iskenderun's Mystic Bla  Conj/Tloc      0%         2d3       100%        4
 Sticky Flame             Fire/Alch      0%         2d4       100%        4
 Ignition                 Fire           0%         3d3       100%        8


Dungeon Overview and Level Annotations

Branches:
Dungeon (9/15)             Temple (1/1) D:7
   Lair: D:8-11         Orc: D:9-12

Altars:
Cheibriados
Fedhas
Hepliaklqana
Kikubaaqudgha
Makhleb
Nemelex Xobeh
Okawaru
Qazlal
Sif Muna
Trog
Vehumet
Wu Jian
Xom
Yredelemnul

Shops:
D:4 *

Annotations:
D:3 1 transporter
D:9 exclusion: oklob plant


Innate Abilities, Weirdness & Mutations

Your life essence is reduced to manifest your ancestor. (-10% HP)
You are immune to poison.
You have sharp fingernails.
Your flesh is cold resistant. (rC+)
You are immune to negative energy. (rN+++)
You do not regenerate when monsters are visible.
You are immune to unholy pain and torment.
You thrive by killing the living.


Message History

Your surroundings suddenly seem different. 2 killer bees come into view.
The killer bee buzzes angrily. x2; You hear an angry buzzing noise.
A killer bee comes into view. x2
The killer bee buzzes angrily.
A killer bee comes into view. x2
The killer bee buzzes angrily.
The killer bee stings you.
* * * LOW HITPOINT WARNING * * *
The killer bee barely misses you.
The killer bee stings you but does no damage.
The killer bee barely misses you.
The air fills with toxic fumes!
As you read the scroll of poison, it crumbles to dust.
The killer bee stings you but does no damage. x2
The killer bee stings you.
* * * LOW HITPOINT WARNING * * *
The killer bee stings you.
* * * LOW HITPOINT WARNING * * *
The killer bee stings you but does no damage. x2
You hit the killer bee.
The killer bee is heavily wounded.
The killer bee barely misses you.
The killer bee stings you but does no damage. x2
The killer bee stings you.
* * * LOW HITPOINT WARNING * * *
You feel better. The killer bee stings you!
* * * LOW HITPOINT WARNING * * *
The killer bee stings you but does no damage.
The killer bee stings you.
* * * LOW HITPOINT WARNING * * *
The killer bee stings you but does no damage. x2
The killer bee barely misses you.
As you read the scroll labelled HUMPEA RACAOSK, it crumbles to dust.
You hear a loud clanging noise!
It was a scroll of noise.
The killer bee closely misses you. The killer bee stings you.
* * * LOW HITPOINT WARNING * * *
The killer bee closely misses you. The killer bee stings you.
You die... ##... #### #E# ### .. ## ##### ##############PPP###.#PP §§§§y§yy§§§##PP.#PP#P.P# §§§§yyy@§§§# P....PPPP#P #########§§# .PPPPP.PP. #.§# PPPP.....

...#P PP...~~.~
...##P###..~≈≈.~
.#####.PP..~≈≈~.~
. #P.##.~≈≈~~.≈
.. #P##P.~≈≈~...
#.P.#.~≈≈~._.


You could see 6 killer bees.

Vanquished Creatures
  A two-headed ogre (D:9)
  A yak (D:9)
  3 water moccasins
  An ice beast (D:3)
  3 centaurs
  2 bullfrogs (D:8)
  A gnoll sergeant (D:8)
  2 scorpions
  6 wights
  4 killer bees (D:8)
  A howler monkey (D:4)
  A bombardier beetle (D:7)
  A jelly (D:5)
  4 orc priests
  A gnoll bouda (D:8)
  5 iguanas
  3 orc wizards
  Robin (D:3)
  4 adders
  9 gnolls
  3 shadow imps
  2 ribbon worms
  2 dart slugs
  15 orcs
  5 bats
  6 endoplasms
  2 giant cockroaches
  11 goblins
  6 hobgoblins
  3 quokkas
  4 ball pythons
  4 frilled lizards
  2 goblin skeletons (D:5)
  A goblin zombie (D:5)
  A hobgoblin zombie (D:5)
  8 kobolds
  2 kobold skeletons (D:5)
  A kobold zombie (D:5)
  An orc zombie (D:5)
  3 rats
136 creatures vanquished.

Vanquished Creatures (collateral kills)
  The ghost of Jinxx the Sneak, an amateur KoCj of Dithmenos (D:4)
  An orc warrior (D:7)
  2 ice beasts
  2 bullfrogs (D:7)
  A gnoll sergeant (D:9)
  A scorpion (D:6)
  3 wights
  4 killer bees (D:8)
  A bombardier beetle (D:4)
  A jelly (D:7)
  2 hounds
  An orc priest (D:4)
  4 orc wizards
  16 gnolls
  4 adders
  12 orcs
  3 goblins (D:3)
  5 hobgoblins
  A quokka (D:4)
  2 ball pythons (D:4)
  A frilled lizard (D:3)
  A goblin skeleton (D:5)
  2 goblin zombies (D:5)
  4 kobolds
  2 rats (D:3)
77 creatures vanquished.

Vanquished Creatures (others)
  A battlemage (D:9)
1 creature vanquished.

Grand Total: 214 creatures vanquished

Notes
Turn   | Place    | Note
-------+----------+-------------------------------------------
     0 | D:1      | ZingZang1235 the Ghoul Monk began the quest for the Orb.
     0 | D:1      | Reached XP level 1. HP: 19/19 MP: 1/1
   186 | D:1      | Reached XP level 2. HP: 13/26 MP: 2/2
  1124 | D:2      | Reached skill level 4 in Unarmed Combat
  1124 | D:2      | Reached XP level 3. HP: 31/31 MP: 3/3
  1980 | D:3      | Found a hazy altar of Hepliaklqana.
  2031 | D:3      | Reached XP level 4. HP: 40/40 MP: 4/4
  2045 | D:3      | Noticed an ice beast
  2059 | D:3      | Killed an ice beast
  2060 | D:3      | Reached skill level 5 in Unarmed Combat
  2060 | D:3      | Reached XP level 5. HP: 39/47 MP: 5/5
  2109 | D:3      | Became a worshipper of Hepliaklqana the Forgotten
  2109 | D:3      | Reached * piety under Hepliaklqana
  2109 | D:3      | Reached ** piety under Hepliaklqana
  2110 | D:3      | Remembered your ancestor Belanum as a battlemage
  2208 | D:3      | Found a glowing drain.
  2245 | D:3      | Found a faded altar of an unknown god.
  2413 | D:3      | Found a transporter.
  2437 | D:3      | Found a transporter.
  2465 | D:3      | Noticed Robin
  2475 | D:3      | Killed Robin
  2689 | D:3      | Found a faded altar of an unknown god.
  2689 | D:3      | Found the Hermit's Pendant {Faith Invo=14 Evo=0 MP+5}
  2692 | D:3      | Reached XP level 6. HP: 39/47 MP: 6/6
  3223 | D:4      | Reached skill level 6 in Unarmed Combat
  3245 | D:4      | Found Ytun's Assorted Antiques.
  3250 | D:4      | Bought a helmet for 112 gold pieces
  3277 | D:4      | You fall into a shaft and drop 1 floor!
  3277 | D:5      | Entered Level 5 of the Dungeon
  3526 | D:4      | Identified the +9 rapier "Fovoxtul" {drain, rPois rN+}
  3541 | D:4      | Reached skill level 5 in Fighting
  3547 | D:4      | Reached XP level 7. HP: 46/54 MP: 7/7
  3633 | D:4      | Identified the +0 ring mail of Anelije {Str+4}
  3634 | D:4      | Found a runed translucent gate.
  3634 | D:4      | Noticed Jinxx's ghost (amateur KoCj)
  3635 | D:4      | Found a runed translucent gate.
  3636 | D:4      | Found a runed translucent gate.
  3910 | D:4      | Killed Jinxx's ghost
  3911 | D:4      | Reached skill level 7 in Unarmed Combat
  4093 | D:5      | Found an ornate altar of the Wu Jian Council.
  4098 | D:5      | Reached XP level 8. HP: 63/63 MP: 8/8
  4126 | D:5      | Reached *** piety under Hepliaklqana
  4726 | D:5      | Reached skill level 8 in Unarmed Combat
  4835 | D:6      | Found a basalt altar of Yredelemnul.
  5026 | D:6      | Reached skill level 5 in Dodging
  5141 | D:6      | Reached **** piety under Hepliaklqana
  5825 | D:7      | Reached skill level 9 in Unarmed Combat
  5912 | D:7      | Reached XP level 9. HP: 70/70 MP: 19/19
  5969 | D:7      | Identified the +2 ring mail "Jiurug" {Harm rN+ Regen+
                  | Str+5}
  6091 | D:7      | Found a snail-covered altar of Cheibriados.
  6183 | D:7      | Found a staircase to the Ecumenical Temple.
  6405 | D:8      | Reached skill level 10 in Unarmed Combat
  6950 | D:8      | Reached skill level 11 in Unarmed Combat
  7108 | D:8      | Reached XP level 10. HP: 70/79 MP: 20/20
  7495 | Temple   | Entered the Ecumenical Temple
  7609 | D:9      | Found a blossoming altar of Fedhas.
  7624 | D:9      | Noticed an oklob plant
  7686 | D:9      | Reached ***** piety under Hepliaklqana
  7984 | D:9      | Found a stormy altar of Qazlal.
  8075 | D:9      | Noticed a two-headed ogre
  8079 | D:9      | Killed a two-headed ogre
  8105 | D:9      | HP: 2/81 [killer bee (4)]
  8105 | D:9      | Slain by a killer bee

Illustrated notes

Levels and vault maps discovered:
D:1:      wander_arrival_estate, layout_basic
D:2:      layout_basic, kennysheep_generic_room_8
D:3:      gammafunk_steamed_eel, layout_basic, nicolae_hepliaklqana_hazy_memory,
          mainiacjoe_sewer_entry_somewhere_in_here_2,
          shapermc_ecumenical_altar_gd, hellmonk_guarded_unrand_hermit,
          uniq_robin
D:4:      layout_basic, biasface_ghost_orc_armoury, serial_shops, shop,
          nicolae_elevator_lobby_asterisk
D:5:      layout_loops_ring, mainiacjoe_overflow_six_doors_small,
          nicolae_tso_besieged_by_evil, lemuel_flame_loot_1
D:6:      layout_gridville, mainiacjoe_overflow_cross_hatched
D:7:      layout_gridville, cheibriados_altar_1, minmay_temple_entry_poolview
D:8:      layout_basic, nicolae_overflow_hidden_temple
D:9:      layout_long_grid, tgw_fedhas, amethyst_overflow_temple_binary,
          nicolae_qazlal_style_of_elements
Temple:   hellmonk_temple_rainy

Skill      XL: |  1  2  3  4  5  6  7  8  9 10 |
---------------+-------------------------------+-----
Unarmed Combat | 4 5 6 7 9 11 | 11.9
Dodging        | 3 4 5 6 7 |  7.2
Fighting       | 4 5 6 8 |  8.8

Action                     |  1- 3 |  4- 6 |  7- 9 | 10-12 || total
---------------------------+-------+-------+-------+-------++-------
  Melee: Unarmed           |   113 |   107 |   186 |    28 ||   434
 Invoke: Ancestor Life: Ba |       |     1 |       |       ||     1
         Recall Ancestor   |       |     4 |       |       ||     4
    Use: Scroll            |       |     6 |     4 |     3 ||    13
         Potion            |       |     2 |     4 |     1 ||     7
   Stab: Distracted        |       |     1 |     3 |     1 ||     5
 Armour: Robe              |    13 |       |       |       ||    13
         Chain mail        |    54 |    81 |   159 |    36 ||   330
         Leather armour    |     6 |       |       |       ||     6
  Dodge: Dodged            |    49 |    37 |   104 |    15 ||   205
